Unix NetHack Version 5.0.0-0 post-release - last build May 22 2026 02:22:16 (99d1c3b6dc4b13757aaa5824b55bdea4e1e63757,branch:main).

Game began 2026-05-22 09:05:56, ended 2026-05-22 10:31:57.

Anarchos, lawful female dwarven Valkyrie

                                              ----
                                           ----...|
                                          .....<..|
                                          ........|
                                           --.|0@.|
                                            --|.q.|
                                              -..--
                                             ......
                                              ..---
                                              G*

                                               h

Anarchos the Skirmisher     St:16 Dx:12 Co:18 In:8 Wi:8 Ch:10  Lawful
Dlvl:6  $:227 HP:0(43) Pw:8(8) AC:-2 Xp:4 T:2568 

Latest messages:
 You hear some noises.
 The tengu vanishes!
 The housecat drops a crossbow bolt.
 The tengu appears close by!
 You hear some noises.
 The tengu vanishes and reappears close by.
 The tengu vanishes!
 You stop.  The gnome is in the way!
 The housecat misses the gnome.
 The housecat bites the gnome.
 The gnome is killed!
 The tengu vanishes and reappears close by.
 A board beneath the tengu squeaks an F note loudly.
 The tengu vanishes!
 You have a little trouble lifting a heavy iron ball (chained to you).  Continue? [ynq] (q) y
 You have a little trouble lifting q - a heavy iron ball (chained to you).
 Your movements are slowed slightly because of your load.
 You fall down the stairs.
 You lose your grip on the iron ball.
 The iron ball drags you downstairs!
 Your movements are now unencumbered.
 You have a little trouble lifting a heavy iron ball (chained to you).  Continue? [ynq] (q) q
 The housecat drops a crossbow bolt.
 What do you want to use or apply? [egklosIJMWX or ?*] e
 Your lamp is now on.
 The housecat bites it.
 The housecat bites it.
 It hits the housecat.
 The housecat misses it.
 The housecat bites it.
 r - a crossbow bolt.
 You miss the leocrotta.
 The leocrotta hits!
 The leocrotta misses!
 The leocrotta hits!
 You hit the leocrotta.
 The leocrotta hits!
 The leocrotta bites!
 The leocrotta misses!
 You are now more skilled in spear.
 You hit the leocrotta!
 The leocrotta misses!
 The leocrotta bites!
 The leocrotta hits!
 The leocrotta hits!
 The leocrotta just misses!
 The leocrotta hits!
 You die...
 Do you want your possessions identified? [ynq] (y) y
 Do you want to see your attributes? [ynq] (y) q

Inventory:
 Coins    ('$')
  $ - 227 gold pieces
 Amulets  ('"')
  t - a cursed amulet of change
 Weapons  (')')
  r - a +0 crossbow bolt
  p - a +0 bow
  f - 3 +0 darts
  b - 5 +0 daggers
  a - a +1 dwarvish spear (weapon in right hand)
  Y - a +0 elven dagger
  Q - a +0 orcish dagger
 Armor    ('[')
  U - an uncursed +0 dwarvish iron helm (being worn)
  n - an uncursed +0 orcish helm
  S - an uncursed +0 pair of fumble boots
  c - an uncursed +3 small shield (being worn)
  Z - an uncursed +0 mummy wrapping
  N - an uncursed +1 elven mithril-coat (being worn)
 Comestibles  ('%')
  d - an uncursed food ration
  O - a cursed food ration
  F - 2 uncursed fortune cookies
  G - an uncursed tripe ration
  H - an uncursed tin of spinach
  V - an uncursed giant ant corpse
  v - an uncursed lichen corpse
 Spellbooks  ('+')
  k - an uncursed spellbook of create monster
  W - an uncursed spellbook of detect food
  I - an uncursed spellbook of turn undead
 Potions  ('!')
  j - a cursed potion of monster detection
  m - an uncursed potion of sleeping
 Rings    ('=')
  E - a cursed ring of aggravate monster (on right hand)
  D - an uncursed ring of poison resistance
  z - a cursed ring of polymorph (on left hand)
 Wands    ('/')
  l - a wand of digging (0:5)
  M - a wand of lightning (0:8)
  J - a wand of sleep (0:2)
 Tools    ('(')
  s - an uncursed blindfold
  X - an uncursed leash
  e - an uncursed oil lamp (lit)
  o - an uncursed wax candle
  g - a cursed wax candle
 Gems/Stones  ('*')
  i - an uncursed fluorite stone
  L - an uncursed worthless piece of black glass
  y - an uncursed worthless piece of orange glass
  R - an uncursed worthless piece of violet glass
  B - 2 uncursed worthless pieces of white glass
  T - an uncursed worthless piece of yellow glass
  h - a cursed worthless piece of yellow glass
  x - an uncursed worthless piece of yellowish brown glass

Anarchos the Valkyrie's attributes:

Background:
 You were a Skirmisher, a level 4 dwarven Valkyrie.
 You were lawful, on a mission for Tyr
 who was opposed by Odin (neutral) and Loki (chaotic).
 You were right-handed.
 You were in the Gnomish Mines, on level 6.
 You entered the dungeon 2568 turns ago.
 You had 133 experience points, 27 more were needed to attain level 5.

Basics:
 You had 0 out of 43 hit points.
 You had all 8 energy points (spell power).
 Your armor class was -2.
 Your wallet contained 227 zorkmids.
 Autopickup was on for all types.

Final Characteristics:
 Your strength was 16 (peak:18/02, limit:18/100).
 Your dexterity was 12 (peak:13, limit:20).
 Your constitution was 18 (limit:20).
 Your intelligence was 8 (limit:16).
 Your wisdom was 8 (limit:16).
 Your charisma was 10 (limit:16).

Final Status:
 You were chained to a heavy iron ball.
 You weren't hungry.
 You were unencumbered.
 You were wielding a spear.
 You were skilled in spear.

Final Attributes:
 You were piously aligned.
 You were cold resistant.
 You saw invisible.
 You were telepathic.
 You had infravision.
 You were stealthy.
 You aggravated monsters.
 You were guarded.
 You were polymorphing periodically.
 You are dead.

Miscellaneous:
 You didn't encounter any bones levels.
 Total elapsed playing time was 1 hour and 26 minutes.

Major events:
 Turn
    1: Anarchos the lawful dwarven Valkyrie entered the dungeon
  493: attained the rank of Skirmisher (level 3)
 1269: entered the Gnomish Mines
 2568: killed by a leocrotta

You didn't know any spells.

Skills:
 Fighting Skills
   bare handed combat [Unskilled]
   two weapon combat  [Unskilled]
   riding             [Unskilled]
 Weapon Skills
   dagger             [Basic]
   axe                [Unskilled]
   pick-axe           [Unskilled]
   short sword        [Unskilled]
   broadsword         [Unskilled]
   long sword         [Unskilled]
   two-handed sword   [Unskilled]
   saber              [Unskilled]
   hammer             [Unskilled]
   quarterstaff       [Unskilled]
   polearms           [Unskilled]
   spear              [Skilled]
   trident            [Unskilled]
   lance              [Unskilled]
   sling              [Unskilled]
 Spellcasting Skills
   attack spells      [Unskilled]
   escape spells      [Unskilled]

Voluntary challenges:
 Character rerolling was not enabled.
 You never genocided any monsters.
 You never polymorphed an object.
 You never changed form.
 You used no wishes.
Achievements:
 You attained the rank of Skirmisher.
 You entered a shop.
 You entered the Gnomish Mines.

 The Dungeons of Doom: levels 1 to 3
    Level 1:
       A sink.
    Level 2:
       Some fountains.
    Level 3:
       An armor shop, a sink.
       Stairs down to The Gnomish Mines.
 The Gnomish Mines: levels 4 to 6
    Level 4:
    Level 5:
    Level 6: <- You were here.
       Final resting place for
          you, killed by a leocrotta.


Vanquished creatures:
 an ettin zombie
  2 shriekers
  a kobold mummy
  3 giant ants
  a little dog
  2 floating eyes
  2 hill orcs
  2 iguanas
  2 manes
  a hobgoblin
  4 giant rats
  a red mold
  8 gnomes
  2 garter snakes
  3 gnome zombies
  3 geckos
  a jackal
  a fox
  a kobold
  3 goblins
  a sewer rat
  2 grid bugs
  3 lichens
  9 newts
59 creatures vanquished.

No species were genocided or became extinct.

Game over:
                       ----------
                      /          \
                     /    REST    \
                    /      IN      \
                   /     PEACE      \
                  /                  \
                  |     Anarchos     |
                  |      227 Au      |
                  |   killed by a    |
                  |    leocrotta     |
                  |                  |
                  |                  |
                  |       2026       |
                 *|     *  *  *      | *
        _________)/\\_//(\/(/\)/\//\/|_)_______

Farvel Anarchos the Valkyrie...

You died in The Gnomish Mines on dungeon level 6 with 1525 points,
and 227 pieces of gold, after 2568 moves.
You were level 4 with a maximum of 43 hit points when you died.

